[Event "EYTCC U18 Open 2019"]
[Site "Pardubice"]
[Date "2019.07.16"]
[Round "6.7"]
[White "Viczencz, Peter"]
[Black "Kosakowski, Jakub"]
[Result "0-1"]
[ECO "B23"]
[WhiteElo "2014"]
[BlackElo "2394"]
[Annotator "NA"]
[PlyCount "102"]
[EventDate "2019.07.11"]
[EventType "swiss"]
[EventCountry "CZE"]
[SourceTitle "playchess.com"]
[Source "ChessBase"]
[SourceQuality "1"]
[WhiteTeam "Slovakia"]
[BlackTeam "Poland"]
[WhiteTeamCountry "SVK"]
[BlackTeamCountry "POL"]
[TimeControl "40/5400+30:1800+30"]

1. e4 c5 2. Nc3 Nc6 3. f4 g6 4. Nf3 Bg7 5. g3 d6 6. Bg2 e6 7. O-O Nge7 8. d3 O-O 9. Be3 Nd4 10. Bxd4 cxd4 11. Ne2 Bd7 12. Kh1 Qb6 13. Qd2 Rac8 14. c3 dxc3 15. bxc3 Qa5 16. Rac1 Rc7 17. c4 Qa6 18. Qb4 Rfc8 19. Ned4 Nc6 20. Nxc6 Rxc6 21. e5 d5 22. Nd4 R6c7 23. Rb1 Bf8 24. Qb2 Ba3 25. Qd2 dxc4 26. dxc4 Qxc4 27. Rb3 Bc5 28. Ne2 Bc6 29. Rc1 Bxg2+ 30. Kxg2 Qe4+ 31. Kh3 Bf8 32. Rxc7 Rxc7 33. Nc3 Qc6 34. Qe3 Bc5 35. Qe2 a6 36. Ne4 Be7 37. Rc3 Qb6 38. Rxc7 Qxc7 39. Qd3 Kg7 40. Nd6 Qc6 41. Ne4 h5 42. Nd2 a5 43. Nb3 b6 44. Qe2 Qd5 45. Qa6 Qd1 46. Qc4 a4 47. Nd4 g5 48. Kg2 Bc5 49. Nxe6+ fxe6 50. Qxe6 Qe2+ 51. Kh3 Qf1# 0-1

[Event "EYTCC U18 Open 2019"]
[Site "Pardubice"]
[Date "2019.07.16"]
[Round "6.8"]
[White "Chylewski, Patryk"]
[Black "Matis, Tibor"]
[Result "1-0"]
[ECO "A62"]
[WhiteElo "2376"]
[BlackElo "1862"]
[Annotator "NA"]
[PlyCount "95"]
[EventDate "2019.07.11"]
[EventType "swiss"]
[EventCountry "CZE"]
[SourceTitle "playchess.com"]
[Source "ChessBase"]
[SourceQuality "1"]
[WhiteTeam "Poland"]
[BlackTeam "Slovakia"]
[WhiteTeamCountry "POL"]
[BlackTeamCountry "SVK"]
[TimeControl "40/5400+30:1800+30"]

1. d4 Nf6 2. c4 c5 3. d5 e6 4. Nc3 exd5 5. cxd5 d6 6. Nf3 g6 7. g3 Bg7 8. Bg2 O-O 9. O-O Bg4 10. Bf4 a6 11. a4 Bxf3 12. Bxf3 Re8 13. Re1 Qc7 14. e4 Nfd7 15. Bg2 Ne5 16. Bf1 Nbd7 17. Bc1 h5 18. h3 c4 19. f4 Nd3 20. Bxd3 cxd3 21. Qxd3 f5 22. Bd2 Nc5 23. Qc4 fxe4 24. Nxe4 Rac8 25. Rac1 Qd7 26. Nxc5 Rxe1+ 27. Rxe1 Qxh3 28. Qd3 dxc5 29. Qxg6 Qg4 30. Qxg4 hxg4 31. Bc3 Bxc3 32. bxc3 b5 33. axb5 axb5 34. Rb1 Rb8 35. Kf2 Kf7 36. Ke3 Kf6 37. Ke4 Re8+ 38. Kd3 Rb8 39. Re1 Rd8 40. Re6+ Kf5 41. Re5+ Kf6 42. Ke4 b4 43. cxb4 cxb4 44. Re6+ Kf7 45. Rb6 Re8+ 46. Kf5 Re3 47. Rb7+ Ke8 48. Kxg4 1-0

[Event "EYTCC U18 Open 2019"]
[Site "Pardubice"]
[Date "2019.07.16"]
[Round "6.9"]
[White "Willow, Jonah B"]
[Black "Parkhov, Yair"]
[Result "1/2-1/2"]
[ECO "B54"]
[WhiteElo "2343"]
[BlackElo "2354"]
[Annotator "NA"]
[PlyCount "61"]
[EventDate "2019.07.11"]
[EventType "swiss"]
[EventCountry "CZE"]
[SourceTitle "playchess.com"]
[Source "ChessBase"]
[SourceQuality "1"]
[WhiteTeam "England"]
[BlackTeam "Israel"]
[WhiteTeamCountry "ENG"]
[BlackTeamCountry "ISR"]
[TimeControl "40/5400+30:1800+30"]

1. e4 c5 2. Nf3 d6 3. d4 cxd4 4. Nxd4 Nf6 5. f3 e5 6. Nb3 a5 7. Bb5+ Bd7 8. Bxd7+ Nbxd7 9. a4 d5 10. exd5 Nc5 11. Nc3 Nxb3 12. cxb3 Bb4 13. O-O Bxc3 14. bxc3 Nxd5 15. Qe2 O-O 16. c4 Nf4 17. Bxf4 exf4 18. Qe5 Qb6+ 19. Kh1 Qxb3 20. Qxf4 Rac8 21. Rfb1 Qxc4 22. Qxc4 Rxc4 23. Rxb7 Rfc8 24. h3 g6 25. Rb5 R8c5 26. Rab1 Rxb5 27. axb5 Rc8 28. b6 Rb8 29. b7 a4 30. Ra1 Rxb7 31. Rxa4 1/2-1/2

[Event "EYTCC U18 Open 2019"]
[Site "Pardubice"]
[Date "2019.07.16"]
[Round "6.10"]
[White "Zlatin, Alexander"]
[Black "Derakhshani, Borna"]
[Result "1/2-1/2"]
[ECO "B10"]
[WhiteElo "2270"]
[BlackElo "2300"]
[Annotator "NA"]
[PlyCount "120"]
[EventDate "2019.07.11"]
[EventType "swiss"]
[EventCountry "CZE"]
[SourceTitle "playchess.com"]
[Source "ChessBase"]
[SourceQuality "1"]
[WhiteTeam "Israel"]
[BlackTeam "England"]
[WhiteTeamCountry "ISR"]
[BlackTeamCountry "ENG"]
[TimeControl "40/5400+30:1800+30"]

1. e4 c6 2. Nf3 d5 3. Nc3 dxe4 4. Nxe4 Nf6 5. Qe2 Na6 6. Nxf6+ gxf6 7. d4 Bf5 8. c3 Nc7 9. Nh4 Be6 10. g3 Bd5 11. Nf3 h5 12. h4 Qd7 13. Bh3 Be6 14. Bxe6 Nxe6 15. O-O Rg8 16. Rd1 Ng7 17. Bf4 O-O-O 18. d5 cxd5 19. c4 e5 20. Rxd5 Qg4 21. Rxd8+ Kxd8 22. Qd2+ Kc8 23. Nh2 Qh3 24. Be3 Nf5 25. Rd1 Bd6 26. c5 Nxh4 27. Qd5 Bc7 28. c6 b6 29. Qd7+ Qxd7 30. Rxd7 Nf5 31. Rxf7 Nxe3 32. fxe3 Rxg3+ 33. Kf2 Rg6 34. Nf3 b5 35. Nh4 Rg8 36. Nf5 Rd8 37. Rxf6 e4 38. Ne7+ Kb8 39. Rf5 a6 40. Rxh5 Rd2+ 41. Ke1 Ba5 42. Kf1 Kc7 43. Rd5 Rxd5 44. Nxd5+ Kxc6 45. Nf6 Bd2 46. Ke2 Bc1 47. b3 Kc5 48. Nxe4+ Kb4 49. Nf2 Kc3 50. e4 Bg5 51. Nd3 a5 52. e5 a4 53. bxa4 bxa4 54. Nc5 Be7 55. Nxa4+ Kd4 56. e6 Kd5 57. Kd3 Kxe6 58. Kc4 Kd6 59. Kb5 Kc7 60. Nc5 Bxc5 1/2-1/2

[Event "EYTCC U18 Open 2019"]
[Site "Pardubice"]
[Date "2019.07.16"]
[Round "6.11"]
[White "Grieve, Harry"]
[Black "Rozen, Eytan"]
[Result "1-0"]
[ECO "B12"]
[WhiteElo "2235"]
[BlackElo "2260"]
[Annotator "NA"]
[PlyCount "109"]
[EventDate "2019.07.11"]
[EventType "swiss"]
[EventCountry "CZE"]
[SourceTitle "playchess.com"]
[Source "ChessBase"]
[SourceQuality "1"]
[WhiteTeam "England"]
[BlackTeam "Israel"]
[WhiteTeamCountry "ENG"]
[BlackTeamCountry "ISR"]
[TimeControl "40/5400+30:1800+30"]

1. e4 c6 2. d4 d5 3. e5 Bf5 4. h4 h6 5. g4 Be4 6. f3 Bg6 7. h5 Bh7 8. e6 fxe6 9. Bd3 Bxd3 10. Qxd3 Qd6 11. f4 Nd7 12. Nf3 O-O-O 13. Ne5 Nxe5 14. fxe5 Qd7 15. Nc3 Nf6 16. exf6 exf6 17. Ne2 c5 18. c3 e5 19. Qf5 Bd6 20. Be3 exd4 21. cxd4 c4 22. Nc3 Bb4 23. O-O Bxc3 24. bxc3 Rhe8 25. Rae1 Re4 26. Bf4 Rde8 27. Rxe4 Rxe4 28. Kg2 Qe6 29. Kf3 Kd7 30. Bd2 Re2 31. Rf2 Re4 32. Qxe6+ Rxe6 33. Kf4 Ke8 34. Kf5 Kf7 35. Bf4 Rb6 36. Re2 a6 37. a3 Rc6 38. a4 b6 39. Re1 b5 40. axb5 axb5 41. Ra1 Re6 42. Ra7+ Re7 43. Rxe7+ Kxe7 44. Kg6 Kf8 45. Bd6+ Kg8 46. Bb4 Kh8 47. Kf7 Kh7 48. Bf8 Kh8 49. Bxg7+ Kh7 50. Bxf6 b4 51. cxb4 c3 52. Be5 c2 53. Bf4 Kh8 54. Bc1 Kh7 55. b5 1-0

[Event "EYTCC U18 Open 2019"]
[Site "Pardubice"]
[Date "2019.07.16"]
[Round "6.12"]
[White "Gleizer, Adar"]
[Black "Stoyanov, Viktor"]
[Result "0-1"]
[ECO "B51"]
[WhiteElo "1748"]
[BlackElo "2198"]
[Annotator "NA"]
[PlyCount "64"]
[EventDate "2019.07.11"]
[EventType "swiss"]
[EventCountry "CZE"]
[SourceTitle "playchess.com"]
[Source "ChessBase"]
[SourceQuality "1"]
[WhiteTeam "Israel"]
[BlackTeam "England"]
[WhiteTeamCountry "ISR"]
[BlackTeamCountry "ENG"]
[TimeControl "40/5400+30:1800+30"]

1. e4 c5 2. Nf3 d6 3. Bb5+ Nd7 4. Ba4 Ngf6 5. O-O a6 6. c4 Nxe4 7. Re1 Nef6 8. d4 cxd4 9. Nxd4 e6 10. Bf4 Qa5 11. Nc3 Be7 12. Nd5 Nxd5 13. cxd5 O-O 14. dxe6 Nc5 15. exf7+ Rxf7 16. Bb3 Nxb3 17. Qxb3 d5 18. Rac1 Bf8 19. Bg3 Bg4 20. h3 Bh5 21. Re3 Rd8 22. Rec3 Re8 23. Rc7 Re1+ 24. Kh2 Rxc1 25. Rxc1 Qd2 26. Qc3 Qh6 27. Re1 Rd7 28. Qc8 Rf7 29. Qd8 Qd2 30. Re8 Qxd4 31. Bd6 Qf6 32. Bxf8 Qxd8 0-1

[Event "EYTCC U18 Open 2019"]
[Site "Pardubice"]
[Date "2019.07.16"]
[Round "6.13"]
[White "Miesbauer, Jan"]
[Black "Ozsakallioglu, Okan"]
[Result "1/2-1/2"]
[ECO "E62"]
[WhiteElo "2409"]
[BlackElo "2243"]
[Annotator "NA"]
[PlyCount "60"]
[EventDate "2019.07.11"]
[EventType "swiss"]
[EventCountry "CZE"]
[SourceTitle "playchess.com"]
[Source "ChessBase"]
[SourceQuality "1"]
[WhiteTeam "Czech Republic"]
[BlackTeam "Turkey"]
[WhiteTeamCountry "CZE"]
[BlackTeamCountry "TUR"]
[TimeControl "40/5400+30:1800+30"]

1. d4 Nf6 2. c4 g6 3. Nc3 Bg7 4. Nf3 O-O 5. g3 d6 6. Bg2 c6 7. O-O Qa5 8. h3 Nbd7 9. e4 e5 10. Be3 Nb6 11. Qd3 exd4 12. Nxd4 Qa6 13. b3 d5 14. exd5 Nbxd5 15. Rad1 Nxe3 16. Qxe3 Re8 17. Qf4 Qa5 18. Na4 Bd7 19. Qd2 Qh5 20. g4 Nxg4 21. hxg4 Bxg4 22. f3 Be5 23. Rfe1 Bxd4+ 24. Qxd4 Bxf3 25. Bxf3 Qxf3 26. Qf2 Qg4+ 27. Qg2 Qh4 28. Qf2 Qg4+ 29. Qg2 Qh4 30. Qf2 Qg4+ 1/2-1/2

[Event "EYTCC U18 Open 2019"]
[Site "Pardubice"]
[Date "2019.07.16"]
[Round "6.14"]
[White "Ozsakallioglu, Akin"]
[Black "Zeman, Matyas"]
[Result "0-1"]
[ECO "C03"]
[WhiteElo "1901"]
[BlackElo "2275"]
[Annotator "NA"]
[PlyCount "82"]
[EventDate "2019.07.11"]
[EventType "swiss"]
[EventCountry "CZE"]
[SourceTitle "playchess.com"]
[Source "ChessBase"]
[SourceQuality "1"]
[WhiteTeam "Turkey"]
[BlackTeam "Czech Republic"]
[WhiteTeamCountry "TUR"]
[BlackTeamCountry "CZE"]
[TimeControl "40/5400+30:1800+30"]

1. e4 e6 2. d4 d5 3. Nd2 a6 4. Ngf3 c5 5. exd5 exd5 6. dxc5 Bxc5 7. Nb3 Bb6 8. Bd3 Qe7+ 9. Be2 Nf6 10. Bg5 Bxf2+ 11. Kxf2 Ne4+ 12. Kf1 Nxg5 13. Qxd5 Ne6 14. Kf2 Nd7 15. Rad1 Nf6 16. Qa5 Ng4+ 17. Kg1 O-O 18. Bd3 b5 19. Qb6 Bb7 20. h3 Nf6 21. Qf2 Qc7 22. Nbd4 Nc5 23. c3 Rad8 24. Qh4 Bxf3 25. gxf3 Nxd3 26. Rxd3 Rfe8 27. Kf2 Nd5 28. Rg1 Nf4 29. Rd2 Qe5 30. Rgd1 Qe3+ 31. Kg3 Ng6 32. Qg4 h5 33. Qf5 Re5 34. Qd3 Qf4+ 35. Kg2 Nh4+ 36. Kh1 Qg3 37. Qf1 Rde8 38. Rf2 Ng6 39. Ne2 Qh4 40. f4 Re3 41. Kh2 Rxh3+ 0-1

[Event "EYTCC U18 Open 2019"]
[Site "Pardubice"]
[Date "2019.07.16"]
[Round "6.15"]
[White "Svanda, Ondrej"]
[Black "Ozdemir, Serhan Berat"]
[Result "1-0"]
[ECO "B42"]
[WhiteElo "2234"]
[BlackElo "1985"]
[Annotator "ChessBase"]
[PlyCount "149"]
[EventDate "2019.07.11"]
[EventType "swiss"]
[EventCountry "CZE"]
[SourceTitle "playchess.com"]
[Source "ChessBase"]
[SourceQuality "1"]
[WhiteTeam "Czech Republic"]
[BlackTeam "Turkey"]
[WhiteTeamCountry "CZE"]
[BlackTeamCountry "TUR"]
[TimeControl "40/5400+30:1800+30"]

1. e4 c5 2. Nf3 e6 3. d4 cxd4 4. Nxd4 a6 5. Bd3 Nf6 6. O-O Qc7 7. Qe2 d6 8. f4 Nbd7 9. c4 b6 10. b3 Bb7 11. Bb2 Be7 12. Nc3 O-O 13. Rae1 Rfd8 14. Kh1 Rac8 15. Bb1 Bf8 16. Nf3 g6 17. Ng5 Bg7 18. e5 Ne8 19. Nd5 exd5 20. e6 Ndf6 21. exf7+ Kh8 22. Qe6 Qd7 23. fxe8=Q+ Rxe8 24. Qxd7 Nxd7 25. Rxe8+ Rxe8 26. Nf7+ Kg8 27. Nxd6 Rb8 28. Bxg7 Kxg7 29. Re1 Kf6 30. Nxb7 Rxb7 31. cxd5 Rc7 32. g3 Rc5 33. Be4 Ra5 34. Re2 Rc5 35. Kg2 Rc3 36. Rc2 Re3 37. Bf3 Nc5 38. Rd2 Ke7 39. Re2 Rxe2+ 40. Bxe2 b5 41. Kf3 Kd6 42. Ke3 Kxd5 43. g4 Nd7 44. a3 Nf6 45. Kd3 Kc5 46. b4+ Kd6 47. Bf3 Nd7 48. Bb7 a5 49. Kd4 axb4 50. axb4 Nf6 51. Bf3 Ne8 52. Bd1 Nf6 53. Bf3 Ne8 54. h4 Nc7 55. Be4 Na6 56. g5 Nxb4 57. f5 gxf5 58. Bxf5 Nc6+ 59. Ke4 Ne7 60. Bxh7 Ke6 61. Kf4 Nd5+ 62. Kf3 Kf7 63. Bd3 Ne7 64. Bxb5 Kg7 65. Bd3 Ng8 66. Kf4 Nf6 67. Be4 Ng8 68. h5 Nh6 69. Bd5 Kh7 70. Be6 Kg7 71. Ke5 Kh8 72. Kf6 Kh7 73. Ke7 Kg7 74. g6 Kh8 75. Kf6 1-0

[Event "EYTCC U18 Open 2019"]
[Site "Pardubice"]
[Date "2019.07.16"]
[Round "6.16"]
[White "YAVUZ, Sevki Batuhan"]
[Black "Mica, Marek"]
[Result "0-1"]
[ECO "E32"]
[WhiteElo "1647"]
[BlackElo "2222"]
[Annotator "NA"]
[PlyCount "102"]
[EventDate "2019.07.11"]
[EventType "swiss"]
[EventCountry "CZE"]
[SourceTitle "playchess.com"]
[Source "ChessBase"]
[SourceQuality "1"]
[BlackTeam "Czech Republic"]
[BlackTeamCountry "CZE"]
[TimeControl "40/5400+30:1800+30"]

1. d4 Nf6 2. c4 e6 3. Nc3 Bb4 4. Qc2 O-O 5. e4 d6 6. Nf3 Nc6 7. a3 Bxc3+ 8. bxc3 e5 9. d5 Nb8 10. h3 b6 11. Be3 Ba6 12. Bd3 Nbd7 13. Qa4 Bb7 14. O-O Qe7 15. Qc2 Nc5 16. Bxc5 dxc5 17. Qe2 Ne8 18. Nd2 Nd6 19. Rae1 Rae8 20. f4 f6 21. g3 Qd7 22. Qg4 Qa4 23. Qd1 Qd7 24. Kh2 Bc8 25. f5 g5 26. h4 gxh4 27. gxh4 Kh8 28. Rg1 Rg8 29. Qh5 Rxg1 30. Rxg1 Rg8 31. Qh6 Rxg1 32. Kxg1 Qe7 33. Nf1 Nf7 34. Qh5 Qf8 35. Kf2 Bd7 36. Ne3 Be8 37. Qf3 Nd6 38. Kg3 Qg7+ 39. Qg4 Qh6 40. Qf3 Bh5 41. Qf2 Qf8 42. Kh3 Qe8 43. Qc2 Qd7 44. Kg3 Qg7+ 45. Kh2 Bf3 46. Qa4 Qh6 47. Nf1 Qxh4+ 48. Kg1 Qg4+ 49. Kf2 Bxe4 50. Bxe4 Nxe4+ 51. Ke1 Qh4+ 0-1

[Event "EYTCC U18 Open 2019"]
[Site "Pardubice"]
[Date "2019.07.16"]
[Round "6.25"]
[White "Engel, Luis"]
[Black "Gazik, Viktor"]
[Result "1/2-1/2"]
[ECO "B12"]
[WhiteElo "2509"]
[BlackElo "2525"]
[Annotator "ChessBase"]
[PlyCount "173"]
[EventDate "2019.07.11"]
[EventType "swiss"]
[EventCountry "CZE"]
[SourceTitle "playchess.com"]
[Source "ChessBase"]
[SourceQuality "1"]
[WhiteTeam "Germany"]
[BlackTeam "Slovakia"]
[WhiteTeamCountry "GER"]
[BlackTeamCountry "SVK"]
[TimeControl "40/5400+30:1800+30"]

1. e4 c6 2. d4 d5 3. e5 Bf5 4. Nf3 e6 5. Be2 Ne7 6. O-O Ng6 7. c4 dxc4 8. Bxc4 Nd7 9. Nc3 Be7 10. Be3 Nb6 11. Bb3 f6 12. h3 h5 13. Re1 Nd5 14. Bd2 Kf7 15. Ne4 h4 16. Rc1 Rc8 17. Qe2 b6 18. Bc4 Rc7 19. a3 a5 20. Bb3 Qd7 21. Bc2 Qc8 22. Nd6+ Bxd6 23. exd6 Rb7 24. Bxf5 exf5 25. Rxc6 Qxc6 26. Qe6+ Kf8 27. Rc1 Ndf4 28. Bxf4 Nxf4 29. Rxc6 Nxe6 30. Rc8+ Kf7 31. Rxh8 Rd7 32. d5 Nc5 33. Nxh4 Rxd6 34. Nxf5 Rxd5 35. Ne3 Rd3 36. Rb8 Rb3 37. Nc4 Na4 38. Nxa5 Rxb2 39. Nc4 Rb3 40. Ra8 b5 41. Nd6+ Kg6 42. Nxb5 Nb6 43. Ra5 Nc4 44. Ra4 Nb6 45. Rg4+ Kh7 46. Rh4+ Kg8 47. Rh5 g5 48. Nd6 Rxa3 49. Ne4 Nd7 50. h4 Ra1+ 51. Kh2 Re1 52. Nd6 gxh4 53. Rxh4 Ne5 54. Kg3 Rd1 55. Ne4 Rd3+ 56. f3 Kg7 57. Rf4 Nd7 58. Rf5 Ra3 59. Rd5 Ra7 60. Kf4 Nf8 61. Rd6 Ng6+ 62. Kg3 Rf7 63. Nc5 Re7 64. Nd7 Rf7 65. Kg4 Ne7 66. Nc5 Ng8 67. Kh5 Re7 68. f4 Re2 69. Rd7+ Ne7 70. g3 Kf7 71. Kg4 Re3 72. Nd3 Ke8 73. Nc5 Rc3 74. Rc7 Nd5 75. Rc8+ Kf7 76. Nb7 f5+ 77. Kh4 Rxc8 78. Nd6+ Ke6 79. Nxc8 Kd7 80. Na7 Nc3 81. Kg5 Ne4+ 82. Kxf5 Nxg3+ 83. Kg6 Ke6 84. Nc6 Kd6 85. Nd4 Kd5 86. f5 Nxf5 87. Nxf5 1/2-1/2

[Event "EYTCC U18 Open 2019"]
[Site "Pardubice"]
[Date "2019.07.16"]
[Round "6.26"]
[White "Pechac, Jergus"]
[Black "Buckels, Valentin"]
[Result "1-0"]
[ECO "E32"]
[WhiteElo "2469"]
[BlackElo "2451"]
[Annotator "ChessBase"]
[PlyCount "73"]
[EventDate "2019.07.11"]
[EventType "swiss"]
[EventCountry "CZE"]
[SourceTitle "playchess.com"]
[Source "ChessBase"]
[SourceQuality "1"]
[WhiteTeam "Slovakia"]
[BlackTeam "Germany"]
[WhiteTeamCountry "SVK"]
[BlackTeamCountry "GER"]
[TimeControl "40/5400+30:1800+30"]

1. d4 Nf6 2. c4 e6 3. Nc3 Bb4 4. Qc2 O-O 5. e4 d5 6. e5 Ne4 7. Bd3 c5 8. Nf3 Nc6 9. dxc5 f5 10. exf6 Nxf6 11. Bg5 h6 12. Bxf6 Qxf6 13. O-O Bxc5 14. cxd5 Nd4 15. Nxd4 Bxd4 16. Be4 exd5 17. Nxd5 Qe5 18. Kh1 Bf5 19. Bxf5 Qxd5 20. Be4 Qb5 21. Bxb7 Rad8 22. Be4 Qxb2 23. Qc4+ Kh8 24. Rab1 Qc3 25. Qe2 Bb6 26. Rbd1 Rxd1 27. Rxd1 Qc5 28. Bd3 Qd4 29. Qe6 Qa4 30. Re1 Qb4 31. f3 Qh4 32. g3 Qb4 33. a3 Qd4 34. Qg6 Kg8 35. Qh7+ Kf7 36. Bg6+ Kf6 37. Bh5 1-0

[Event "EYTCC U18 Open 2019"]
[Site "Pardubice"]
[Date "2019.07.16"]
[Round "6.27"]
[White "Parvanyan, Ashot"]
[Black "Haring, Filip"]
[Result "1-0"]
[ECO "A06"]
[WhiteElo "2423"]
[BlackElo "2334"]
[Annotator "ChessBase"]
[PlyCount "177"]
[EventDate "2019.07.11"]
[EventType "swiss"]
[EventCountry "CZE"]
[SourceTitle "playchess.com"]
[Source "ChessBase"]
[SourceQuality "1"]
[WhiteTeam "Germany"]
[BlackTeam "Slovakia"]
[WhiteTeamCountry "GER"]
[BlackTeamCountry "SVK"]
[TimeControl "40/5400+30:1800+30"]

1. Nf3 d5 2. g3 c6 3. Bg2 Bg4 4. O-O Nd7 5. d3 Ngf6 6. h3 Bxf3 7. Bxf3 e6 8. e4 Be7 9. Nc3 O-O 10. Bg2 a5 11. Qe2 a4 12. a3 b5 13. Kh1 Nb6 14. f4 d4 15. Nd1 c5 16. Nf2 b4 17. g4 Rc8 18. g5 Nfd7 19. e5 c4 20. axb4 Bxb4 21. Ne4 Be7 22. f5 exf5 23. Rxf5 cxd3 24. cxd3 g6 25. Rf1 Kg7 26. Nd6 Rc5 27. Nb7 Rxe5 28. Qxe5+ Nxe5 29. Nxd8 Rxd8 30. Bf4 Bd6 31. Be4 Bb8 32. Rac1 Nbd7 33. Rc2 f5 34. gxf6+ Nxf6 35. Bh6+ Kxh6 36. Rxf6 Bd6 37. Kg2 Kg7 38. Rf1 a3 39. bxa3 Bxa3 40. Rc7+ Kh6 41. Rb1 Bd6 42. Rc2 Nf7 43. Rb5 Re8 44. Rd5 Be5 45. Re2 Bf6 46. Rf2 Kg7 47. Rd7 Re7 48. Rxe7 Bxe7 49. Ra2 Nd6 50. Kf3 Kf6 51. Ra5 Ke6 52. Bd5+ Kf6 53. Bc6 Ke6 54. Ra7 Kf6 55. Bd7 h5 56. Ra4 Ke5 57. Ra5+ Kf6 58. Rd5 Nf7 59. Rxd4 g5 60. Be8 Ne5+ 61. Kg2 h4 62. Bh5 Bc5 63. Rd5 Be3 64. d4 Nd3 65. Kf3 Nf4 66. Rd8 Bxd4 67. Rxd4 Nxh5 68. Rd6+ Kf5 69. Rd5+ Kg6 70. Ra5 Nf6 71. Re5 Nd7 72. Rb5 Nf6 73. Rb4 Kf5 74. Ra4 Kg6 75. Ke3 Kf5 76. Ra5+ Kg6 77. Ra6 Kf5 78. Ra5+ Kg6 79. Rb5 Nh5 80. Ke4 Nf6+ 81. Ke5 Nd7+ 82. Ke6 Nf8+ 83. Ke7 Nh7 84. Rb6+ Kg7 85. Ke6 Kg6 86. Ke5+ Kg7 87. Kf5 Kg8 88. Rb7 Kh8 89. Ke6 1-0

[Event "EYTCC U18 Open 2019"]
[Site "Pardubice"]
[Date "2019.07.16"]
[Round "6.28"]
[White "Sahidi, Samir"]
[Black "Schmidek, Emil"]
[Result "0-1"]
[ECO "A16"]
[WhiteElo "2369"]
[BlackElo "2391"]
[Annotator "ChessBase"]
[PlyCount "110"]
[EventDate "2019.07.11"]
[EventType "swiss"]
[EventCountry "CZE"]
[SourceTitle "playchess.com"]
[Source "ChessBase"]
[SourceQuality "1"]
[WhiteTeam "Slovakia"]
[BlackTeam "Germany"]
[WhiteTeamCountry "SVK"]
[BlackTeamCountry "GER"]
[TimeControl "40/5400+30:1800+30"]

1. c4 Nf6 2. Nc3 g6 3. Nf3 Bg7 4. g3 O-O 5. Bg2 d5 6. cxd5 Nxd5 7. O-O c5 8. Qb3 Nb6 9. d3 Nc6 10. Qb5 Nd7 11. Qa4 Nd4 12. Nxd4 cxd4 13. Ne4 Nb6 14. Qa5 Nd5 15. Qxd5 Qxd5 16. Nf6+ Bxf6 17. Bxd5 Bh3 18. Re1 Rab8 19. Bf4 e5 20. Bh6 Rfd8 21. Bb3 g5 22. Rac1 Rd6 23. Rc7 Bd7 24. e3 Bd8 25. Rxd7 Rxd7 26. h4 gxh4 27. exd4 Rd6 28. Be3 hxg3 29. dxe5 Rxd3 30. Bxa7 gxf2+ 31. Bxf2 Be7 32. Re4 Rf3 33. Kg2 Rf5 34. Be3 Kh8 35. Rf4 Rxf4 36. Bxf4 Rg8+ 37. Kh3 Kg7 38. e6 f5 39. Bd5 b5 40. Bc6 b4 41. Be5+ Kg6 42. Bd4 Rc8 43. Bb5 h5 44. Be5 Rd8 45. Bd7 Ra8 46. Bg3 Rxa2 47. Be8+ Kh6 48. Bf4+ Kh7 49. Be5 h4 50. Bd4 Ra1 51. Bf2 Rf1 52. Kg2 Rb1 53. Bd4 Rd1 54. Be3 h3+ 55. Kh2 Bd6+ 0-1

[Event "EYTCC U18 Open 2019"]
[Site "Pardubice"]
[Date "2019.07.16"]
[Round "6.29"]
[White "Van Foreest, Lucas"]
[Black "Zarubitski, Viachaslau"]
[Result "1-0"]
[ECO "C42"]
[WhiteElo "2521"]
[BlackElo "2424"]
[Annotator "ChessBase"]
[PlyCount "77"]
[EventDate "2019.07.11"]
[EventType "swiss"]
[EventCountry "CZE"]
[SourceTitle "playchess.com"]
[Source "ChessBase"]
[SourceQuality "1"]
[WhiteTeam "Netherlands"]
[BlackTeam "Belarus"]
[WhiteTeamCountry "NED"]
[BlackTeamCountry "BLR"]
[TimeControl "40/5400+30:1800+30"]

1. e4 e5 2. Nf3 Nf6 3. Nxe5 d6 4. Nf3 Nxe4 5. d4 d5 6. Bd3 Bd6 7. O-O O-O 8. c4 c6 9. Nc3 Nxc3 10. bxc3 dxc4 11. Bxc4 Bf5 12. Bg5 Qa5 13. Nh4 Be6 14. Bxe6 Qxg5 15. Nf3 Qa5 16. Bb3 Nd7 17. Qd3 Nf6 18. g3 Rae8 19. h4 Re7 20. Rfe1 Rfe8 21. Kg2 Rxe1 22. Rxe1 Rxe1 23. Nxe1 Nd5 24. Nf3 h6 25. c4 Nf6 26. c5 Bb8 27. Qg6 Nd5 28. Bxd5 cxd5 29. Qf5 Qd8 30. Nh2 b6 31. cxb6 axb6 32. Ng4 b5 33. Ne3 Ba7 34. Qe5 f6 35. Qe6+ Kf8 36. h5 Bxd4 37. Nf5 Bc5 38. Nh4 g5 39. hxg6 1-0

[Event "EYTCC U18 Open 2019"]
[Site "Pardubice"]
[Date "2019.07.16"]
[Round "6.30"]
[White "BADELKA, Olga"]
[Black "Schoppen, Casper"]
[Result "1/2-1/2"]
[ECO "A42"]
[WhiteElo "2386"]
[BlackElo "2493"]
[Annotator "ChessBase"]
[PlyCount "92"]
[EventDate "2019.07.11"]
[EventType "swiss"]
[EventCountry "CZE"]
[SourceTitle "playchess.com"]
[Source "ChessBase"]
[SourceQuality "1"]
[BlackTeam "Netherlands"]
[BlackTeamCountry "NED"]
[TimeControl "40/5400+30:1800+30"]

1. d4 g6 2. c4 Bg7 3. Nc3 d6 4. e4 e5 5. d5 Nd7 6. Be3 Ne7 7. g4 O-O 8. Bd3 f5 9. gxf5 gxf5 10. exf5 Nxf5 11. Bxf5 Rxf5 12. Nge2 Rf7 13. Ne4 Nf6 14. Ng5 Rf8 15. Qc2 Qe8 16. Rg1 Qg6 17. Qb3 Ng4 18. c5 Kh8 19. h3 Nxe3 20. fxe3 Qh5 21. Ne6 Bxe6 22. dxe6 dxc5 23. Qc4 b5 24. Qxc5 Rae8 25. Rd1 Qh4+ 26. Kd2 Rxe6 27. Kc1 Qh6 28. Kb1 Rg6 29. Rgf1 Rgf6 30. Rg1 Rg6 31. Rgf1 Rgf6 32. Rg1 a6 33. Qxc7 R6f7 34. Qc5 Qxh3 35. Rxg7 Qf5+ 36. e4 Qxe4+ 37. Ka1 Qxe2 38. Rgg1 Qe4 39. Rge1 Qf4 40. Rxe5 Qf6 41. a3 Rg7 42. Rde1 Rg2 43. Qb4 Rg6 44. Qc5 Rg2 45. Qb4 Rg6 46. Qc5 Rg2 1/2-1/2

[Event "EYTCC U18 Open 2019"]
[Site "Pardubice"]
[Date "2019.07.16"]
[Round "6.31"]
[White "Kevlishvili, Robby"]
[Black "Lazavik, Denis"]
[Result "1/2-1/2"]
[ECO "C07"]
[WhiteElo "2480"]
[BlackElo "2339"]
[Annotator "ChessBase"]
[PlyCount "67"]
[EventDate "2019.07.11"]
[EventType "swiss"]
[EventCountry "CZE"]
[SourceTitle "playchess.com"]
[Source "ChessBase"]
[SourceQuality "1"]
[WhiteTeam "Netherlands"]
[BlackTeam "Belarus"]
[WhiteTeamCountry "NED"]
[BlackTeamCountry "BLR"]
[TimeControl "40/5400+30:1800+30"]

1. e4 e6 2. d4 d5 3. Nd2 c5 4. exd5 Qxd5 5. dxc5 Qxc5 6. Ne4 Qc7 7. Nf3 Nd7 8. Bd3 Ngf6 9. Nxf6+ Nxf6 10. O-O Bd7 11. b3 Bd6 12. Bb2 O-O-O 13. Re1 Bc6 14. Ne5 Be4 15. Bxe4 Bxe5 16. Bxe5 Rxd1 17. Bxc7 Rxa1 18. Rxa1 Kxc7 19. Bd3 Nd5 20. Kf1 Rd8 21. a3 b6 22. g3 h6 23. Re1 Nf6 24. Ke2 Rd5 25. Kd2 Ng4 26. Re4 Nxh2 27. Ke3 h5 28. Be2 Ng4+ 29. Bxg4 hxg4 30. Rxg4 Re5+ 31. Kd3 Rd5+ 32. Ke3 Re5+ 33. Kd3 Rd5+ 34. Ke4 1/2-1/2